 Dungeon Crawl Stone Soup version 0.28-b1-1-g3c77fb2ed1 (webtiles) character file.

Game seed: 6052264286055230001

1950 cayde69 the Cleaver (level 9, -2/51 HPs)
             Began as a Gargoyle Berserker on Jan 29, 2022.
             Was a Believer of Trog.
             Slain by a boulder beetle (13 damage)
             ... on level 7 of the Dungeon.
             The game lasted 00:22:42 (6901 turns).

cayde69 the Cleaver (Gargoyle Berserker)            Turns: 6901, Time: 00:22:42

Health: -2/51      AC: 18    Str: 29    XL:     9   Next: 18%
Magic:  9/9        EV:  9    Int:  7    God:    Trog [**....]
Gold:   332        SH:  0    Dex:  9    Spells: 8/8 levels left

rFire   . . .      SeeInvis .   N - +6 hand axe of Watchfulness {drain, rPois Str+3}
rCold   . . .      Faith    +   (no shield)
rNeg    + . .      Spirit   .   s - +0 chain mail
rPois   ∞          Reflect  .   C - +0 helmet
rElec   +          Harm     .   L - +0 cloak
rCorr   .          Rampage  .   (no gloves)
Will    +....                   (no boots)
Stlth   ..........              q - amulet of faith
HPRegen 0.17/turn               c - ring of flight
MPRegen 0.11/turn               G - ring of willpower

@: on berserk cooldown, flying, slowed, very slow
A: sickness immunity, AC +6, negative energy resistance 1, electricity
resistance, torment resistance 1, petrification resistance
a: Renounce Religion, Berserk, Trog's Hand


You were on level 7 of the Dungeon.
You worshipped Trog.
Trog was pleased with you.
You visited 2 branches of the dungeon, and saw 8 of its levels.

You collected 332 gold pieces.

Inventory:

Hand Weapons
 a - a +0 hand axe
 m - a +3 dagger of draining
 t - a +0 dagger of venom
 D - a +0 war axe of freezing
 K - a +0 vorpal battleaxe
 N - the +6 hand axe of Watchfulness (weapon) {drain, rPois Str+3}
   (You found it on level 6 of the Dungeon)

   A truly terrible weapon, it drains the life of any living foe it strikes.
   Str:       It affects your strength (+3).
   rPois:     It protects you from poison.
Missiles
 e - 275 stones (quivered)
Armour
 b - a +0 animal skin
 k - a +0 ring mail
 l - a +0 helmet
 s - a +0 chain mail (worn)
 C - a +0 helmet (worn)
 L - a +0 cloak (worn)
 O - a +0 troll leather armour
Magical Staves
 j - a staff of death
 y - a staff of earth
Jewellery
 c - a ring of flight (left hand)
 q - an amulet of faith (around neck)
 F - a ring of fire
 G - a ring of willpower (right hand)
 I - a ring of protection from cold
Wands
 H - a wand of charming (5)
Scrolls
 d - a scroll of enchant weapon {unknown}
 f - 2 scrolls of teleportation {unknown}
 i - a scroll of brand weapon {unknown}
 p - a scroll of noise {unknown}
 r - 4 scrolls of magic mapping {unknown}
 v - 3 scrolls of blinking {unknown}
 w - a scroll of enchant armour {unknown}
 x - 2 scrolls of identify {unknown}
 E - a scroll of fog {unknown}
 M - a scroll of vulnerability {unknown}
Potions
 g - 3 potions of mutation {unknown}
 h - 2 potions of heal wounds {unknown}
 n - 3 potions of attraction
 o - 2 potions of resistance {unknown}
 u - a potion of berserk rage {unknown}
 z - a potion of brilliance {unknown}
 A - 3 potions of lignification {unknown}
 B - a potion of haste {unknown}
 J - a potion of flight {unknown}


   Skills:
 - Level 3.2 Fighting
 - Level 3.4 Short Blades
 * Level 9.5 Axes
 + Level 5.1 Armour
 - Level 1.5 Dodging
 - Level 2.0 Stealth


You had 8 spell levels left.
You didn't know any spells.
Your spell library contained the following spells:

 Spells                   Type           Power      Damage    Failure   Level
 Wereblood                Tmut           0%         N/A       98%         2
 Frozen Ramparts          Ice            0%         1d2       100%        3
 Ice Form                 Ice/Tmut       0%         N/A       100%        4
 Summon Ice Beast         Ice/Summ       0%         N/A       100%        4
 Summon Hydra             Summ           0%         N/A       100%        7
 Sublimation of Blood     Necr           Unusable   N/A       N/A         2

Dungeon Overview and Level Annotations

Branches:
Dungeon (7/15)             Temple (1/1) D:4

Altars:
Ashenzari
Dithmenos
Fedhas
Hepliaklqana
Kikubaaqudgha
Nemelex Xobeh
Qazlal
Ru
Sif Muna
Trog
Uskayaw
Vehumet
Xom
Yredelemnul
The Shining One

Shops:
D:2 ?


Innate Abilities, Weirdness & Mutations

You are immune to sickness and miasma.
Your stone body is resilient. (AC +6)
You are immune to poison.
You resist negative energy. (rN+)
You are resistant to electric shocks. (rElec)
You are resistant to unholy torment.
You are immune to petrification.


Message History

You are no longer berserk.
You are exhausted.
You feel yourself slow down.
e - 275 stones (gained 3)
You see here a +0 whip.
Found 14 gold pieces.
A kobold brigand comes into view.
It is wielding a +0 short sword and quivering curare-tipped darts.
The kobold brigand shouts!
The boulder beetle curls into a ball and begins rolling!
The kobold brigand throws a curare-tipped dart.
The curare-tipped dart hits you.
The kobold brigand throws a curare-tipped dart.
The curare-tipped dart hits you. The boulder beetle barely misses you.
The boulder beetle stops rolling and uncurls.
You see here a scroll labelled ZEECOE CADALI.
You hit the boulder beetle but do no damage.
The kobold brigand throws a curare-tipped dart.
The curare-tipped dart barely misses you.
The boulder beetle bites you but does no damage.
You hit the boulder beetle. You drain the boulder beetle.
The boulder beetle is lightly wounded.
The boulder beetle bites you!
You hit the boulder beetle but do no damage.
The boulder beetle is lightly wounded.
The boulder beetle closely misses you. The boulder beetle bites you!
You hit the boulder beetle. You drain the boulder beetle.
The boulder beetle is lightly wounded.
You hit the kobold brigand. You drain the kobold brigand.
The kobold brigand closely misses you. The boulder beetle bites you!
The kobold brigand hits you with a +0 short sword.
* * * LOW HITPOINT WARNING * * *
The boulder beetle curls into a ball and begins rolling!
The kobold brigand hits you with a +0 short sword.
* * * LOW HITPOINT WARNING * * *
The boulder beetle barely misses you.
The boulder beetle stops rolling and uncurls.
The kobold brigand throws a curare-tipped dart.
The curare-tipped dart hits you. The boulder beetle bites you!
You die...

.#..............#
.#..............#
.#.)...#####....#######
.'.)...#...#..........#
.#.....'...#..........#
.#.....#'###..........#+
.#......)....?..K.......
.#......)...####B$......
.#..........# #@.......
.#..........# +........
.#..........# #........
##..........# #........
#......#'#### #......#+
'......#... #......#
#......#..... #......+
#......#..... #......#
#......##+###+##..


You could see a boulder beetle (drained) and a kobold brigand (drained).

Vanquished Creatures
  A troll (D:6)
  Prince Ribbit (D:6)
  A water moccasin (D:6)
  A black bear (D:5)
  3 necrophages
  A sky beast (D:6)
  4 ogres
  Blork the orc (D:6)
  3 scorpions
  A hound (D:5)
  An orc priest (D:7)
  3 bullfrog skeletons
  2 iguanas
  An orc wizard (D:7)
  A hound zombie (D:5)
  Robin (D:2)
  3 gnolls (D:3)
  7 adders
  A white imp (D:6)
  An ufetubus (D:6)
  An adder skeleton (D:4)
  A worm (D:3)
  A dart slug (D:3)
  6 orcs
  5 endoplasms
  2 giant cockroaches
  18 goblins
  8 hobgoblins
  3 jackals (D:3)
  6 kobolds
  4 quokkas
  2 ball pythons (D:1)
  2 bats (D:3)
  3 frilled lizards
  8 rats
108 creatures vanquished.

Notes
Turn   | Place    | Note
-------+----------+-------------------------------------------
     0 | D:1      | cayde69 the Gargoyle Berserker began the quest for the Orb.
     0 | D:1      | Reached XP level 1. HP: 14/14 MP: 1/1
   243 | D:1      | Reached skill level 3 in Axes
   250 | D:1      | Reached XP level 2. HP: 5/19 MP: 2/2
   660 | D:1      | Found a faded altar of an unknown god.
  1298 | D:2      | Noticed Robin
  1315 | D:2      | Reached XP level 3. HP: 23/23 MP: 3/3
  1328 | D:2      | Killed Robin
  1329 | D:2      | Reached skill level 4 in Axes
  1632 | D:2      | Found Exkel's Magic Scroll Shop.
  1682 | D:2      | Reached ** piety under Trog
  1683 | D:2      | Reached XP level 4. HP: 26/28 MP: 4/4
  2061 | D:3      | Found an ancient bone altar of Kikubaaqudgha.
  2078 | D:3      | Reached skill level 1 in Stealth
  2174 | D:3      | Reached XP level 5. HP: 30/32 MP: 5/5
  2318 | D:3      | Reached skill level 1 in Short Blades
  2328 | D:3      | Reached skill level 5 in Axes
  3019 | D:4      | Reached XP level 6. HP: 37/37 MP: 6/6
  3134 | D:4      | Noticed a necrophage
  3143 | D:4      | Killed a necrophage
  3270 | D:4      | Found a staircase to the Ecumenical Temple.
  3293 | D:4      | Reached skill level 6 in Axes
  3293 | D:4      | Reached XP level 7. HP: 36/41 MP: 7/7
  3516 | Temple   | Entered the Ecumenical Temple
  3712 | D:5      | Entered Level 5 of the Dungeon
  4287 | D:5      | Found a radiant altar of Vehumet.
  4526 | D:5      | Reached skill level 7 in Axes
  5057 | D:6      | Reached XP level 8. HP: 41/46 MP: 8/8
  5102 | D:6      | Noticed Blork the orc
  5114 | D:6      | Killed Blork the orc
  5704 | D:6      | Noticed Prince Ribbit
  5730 | D:6      | Reached skill level 8 in Axes
  5737 | D:6      | Killed Prince Ribbit
  5989 | D:6      | Identified the +6 hand axe of Watchfulness {drain, rPois
                  | Str+3}
  6021 | D:6      | Noticed a troll
  6031 | D:6      | Killed a troll
  6032 | D:6      | Reached skill level 9 in Axes
  6032 | D:6      | Reached XP level 9. HP: 29/51 MP: 9/9
  6421 | D:6      | Found a shimmering altar of Xom.
  6421 | D:6      | Found a shadowy altar of Dithmenos.
  6428 | D:6      | Found a stormy altar of Qazlal.
  6430 | D:6      | Found a faded altar of an unknown god.
  6435 | D:6      | Reached skill level 5 in Armour
  6435 | D:6      | Found a sacrificial altar of Ru.
  6601 | D:7      | Noticed a boulder beetle
  6901 | D:7      | Slain by a boulder beetle

Illustrated notes

Levels and vault maps discovered:
D:1:      lightli_arrival_statue_moat, layout_basic,
          chequers_ecumenical_altar_simple
D:2:      layout_rooms, serial_shops, nicolae_shop_crystal,
          kennysheep_generic_room_10, uniq_robin
D:3:      layout_loops_ring, kiku_gazebo_pond_becter, grunt_ministairs_15,
          hangedman_abyss_or_decor_stabs, chequers_serial_rivers_room_b
D:4:      layout_loops_ring, minmay_temple_entry_overgrown, hex_tiny
D:5:      layout_basic, mainiacjoe_overflow_alcove_2, grunt_decor_resistance,
          hangedman_abyss_or_decor_stagger, lemuel_flamethrower_2
D:6:      layout_basic, chequers_temple_overflow_minitemple, minivault_22,
          uniq_prince_ribbit1, uniq_blork_the_orc
D:7:      layout_gridville, makhleb_grotto_becter, amcnicky_mini_pool_small
Temple:   nicolae_temple_figure_zero

Skill      XL: |  1  2  3  4  5  6  7  8  9 |
---------------+----------------------------+-----
Axes           | 3 4 5 6 7 9 |  9.5
Stealth        | 1 2 |  2.0
Short Blades   | 1 3 |  3.4
Armour         | 3 4 5 |  5.1
Fighting       | |  3.2
Dodging        | |  1.5

Action                   |  1- 3 |  4- 6 |  7- 9 || total
-------------------------+-------+-------+-------++-------
Melee: Hand axe          |    82 |       |    49 ||   131
       Punch             |     1 |     4 |     1 ||     6
       Dagger            |    20 |   134 |     8 ||   162
       War axe           |       |       |    19 ||    19
       Battleaxe         |       |       |    72 ||    72
Invok: Berserk           |     3 |     3 |     7 ||    13
       Trog's Hand       |       |       |     4 ||     4
  Use: Potion            |       |       |     6 ||     6
Armor: Animal skin       |    14 |       |       ||    14
       Ring mail         |    27 |    19 |       ||    46
       Chain mail        |       |    39 |    92 ||   131
Dodge: Dodged            |    61 |    55 |    87 ||   203
